 Dungeon Crawl Stone Soup version 0.30-a0-377-g5cb311bc9f (webtiles) character file.

Game seed: 2544083877674569601

184 tio the Conjurer (level 5, -1/39 HPs)
             Began as a Draconian Conjurer on Nov 28, 2022.
             Slain by an orc
             ... wielding a +0 war axe
              (3 damage)
             ... on level 3 of the Dungeon.
             The game lasted 00:16:02 (2975 turns).

tio the Conjurer (Draconian Conjurer)               Turns: 2975, Time: 00:16:02

Health: -1/39      AC:  5    Str:  9    XL:     5   Next: 36%
Magic:  7/9        EV: 20    Int: 21    God:
Gold:   142        SH:  0    Dex:  9    Spells: 8/10 levels left

rFire   . . .      SeeInvis .    q - +0 falchion
rCold   . . .      Faith    .    (no shield)
rNeg    . . .      Spirit   .    (body armour unavailable)
rPois   .          Reflect  .    (helmet restricted)
rElec   .          Harm     .    (no cloak)
rCorr   .          Rampage  .    (no gloves)
Will    .....                    (no boots)
Stlth   ++........               (no amulet)
HPRegen 0.26/turn                l - +4 ring of evasion
MPRegen 0.11/turn                o - +4 ring of evasion

@: no status effects
A: AC +5, unfitting armour, cold-blooded
a: no special abilities


You were on level 3 of the Dungeon.
You visited 1 branch of the dungeon, and saw 3 of its levels.

You collected 142 gold pieces.

Inventory:

Hand Weapons
 q - a +0 falchion (weapon)
Jewellery
 l - a +4 ring of evasion (left hand)
 o - a +4 ring of evasion (right hand)
Scrolls
 c - 2 scrolls of amnesia {unknown}
 f - a scroll of teleportation {unknown}
 g - a scroll of enchant weapon {unknown}
 i - a scroll of torment {unknown}
 j - a scroll of summoning {unknown}
 m - a scroll of poison {unknown}
 n - a scroll of noise {unknown}
Potions
 h - a potion of haste {unknown}
 k - a potion of degeneration {unknown}
 p - a potion of lignification {unknown}


   Skills:
 + Level 0.6 Fighting
 + Level 1.1 Maces & Flails
 + Level 2.2 Dodging
 + Level 1.8 Stealth
 + Level 3.2 Spellcasting
 + Level 5.4 Conjurations


You had 8 spell levels left.
You knew the following spells:

 Your Spells              Type           Power      Damage    Failure   Level
a - Magic Dart            Conj           100%       1d8       1%          1
b - Shock                 Conj/Air       56%        1d6       4%          1

Your spell library contained the following spells:

 Spells                   Type           Power      Damage    Failure   Level
 Searing Ray              Conj           52%        2d6       1%          2
 Dazzling Flash           Conj/Hex       28%        N/A       13%         3
 Swiftness                Air            3%         N/A       36%         3
 Fulminant Prism          Conj/Hex       7%         3d6       38%         4
 Iskenderun's Mystic Bla  Conj/Tloc      14%        2d5       38%         4
 Airstrike                Air            1%         2d(1-17)  77%         4


Dungeon Overview and Level Annotations

Branches:
Dungeon (3/15)

Altars:


Innate Abilities, Weirdness & Mutations

Your plain brown scales are hard. (AC +5)
You cannot fit into any form of body armour.
You are cold-blooded and may be slowed by cold attacks.


Message History

The orc is heavily wounded.
The endoplasm closely misses you. The orc closely misses you.
The orc hits you with a +0 club.
The magic dart hits the orc but does no damage.
The orc is heavily wounded.
The endoplasm freezes you.
You are frozen.
The orc barely misses you. The orc completely misses you.
You are too injured to fight recklessly!
You are too injured to fight recklessly!
You are too injured to fight recklessly!
You closely miss the orc.
You tail-slap the orc, but do no damage.
The orc is heavily wounded.
The endoplasm barely misses you. The orc misses you.
The orc closely misses you. The orc hits you with a +0 club.
The orc hits you but does no damage. The endoplasm closely misses you.
You barely miss the orc.
You tail-slap the orc, but do no damage.
The orc is heavily wounded.
The endoplasm freezes you.
You are frozen.
The orc barely misses you. The orc misses you.
You closely miss the orc. Your punch misses the orc.
The orc is heavily wounded.
The endoplasm completely misses you. The orc completely misses you.
The orc hits you with a +0 club.
You completely miss the orc.
The orc is heavily wounded.
The endoplasm misses you. The orc completely misses you.
The orc barely misses you. The orc misses you.
The orc hits you with a +0 war axe!
* * * LOW HITPOINT WARNING * * *
The endoplasm hits you.
* * * LOW HITPOINT WARNING * * *
Aiming: Throw Flame
Press: ? - help, Q - select action, (/) - cycle Shift-Dir - straight line, f/p - orc
Aim: an orc, wielding a +0 club and wearing a +0 leather armour (heavily wounded, 68% to hit)
The puff of flame misses the orc.
The now-empty wand crumbles to dust.
The endoplasm barely misses you. The orc closely misses you.
The orc hits you with a +0 war axe.
You die...

###### #..... #.....
#..... .. #.....
...# #.....
########..# #.....
#..)o......####.....
#..@o........##.....
#...J.....##.#######
########..(#.######.
#.#......'.
#..#######. ##.o# ##
..... # .......# #
........# #


You could see 2 orcs and an endoplasm.

Vanquished Creatures
  2 orc priests (D:3)
  An orc wizard (D:2)
  2 adders (D:2)
  2 worms
  4 dart slugs
  4 orcs (D:3)
  7 ball pythons
  7 bats
  5 endoplasms
  3 giant cockroaches
  3 goblins
  3 hobgoblins
  3 jackals (D:2)
  3 quokkas
  A frilled lizard (D:3)
  13 kobolds
  3 rats
66 creatures vanquished.

Notes
Turn   | Place    | Note
-------+----------+-------------------------------------------
     0 | D:1      | tio the Draconian Conjurer began the quest for the Orb.
     0 | D:1      | Reached XP level 1. HP: 14/14 MP: 3/3
     5 | D:1      | Learned a level 1 spell: Shock
   170 | D:1      | Reached XP level 2. HP: 13/20 MP: 1/5
  1234 | D:2      | Reached XP level 3. HP: 26/26 MP: 3/6
  1620 | D:2      | Reached skill level 5 in Conjurations
  1934 | D:2      | Reached XP level 4. HP: 34/34 MP: 2/8
  2059 | D:2      | Reached skill level 1 in Maces & Flails
  2878 | D:2      | Reached XP level 5. HP: 31/39 MP: 5/9
  2975 | D:3      | Slain by an orc

Illustrated notes

Levels and vault maps discovered:
D:1:      noname_arrival_rooms_in_the_neighbourhood, layout_loops_ring,
          minmay_misc_feat_square
D:2:      layout_loops_cross
D:3:      layout_basic, mainiacjoe_overflow_alcove_4,
          shapermc_ecumenical_altar_starsandcircs, kennysheep_generic_room_2

Skill      XL: |  1  2  3  4 |
---------------+-------------+-----
Conjurations   | 5 |  5.4
Maces & Flails | 1 |  1.1
Spellcasting   | 3 |  3.2
Dodging        | 2 |  2.2
Fighting       | |  0.6
Stealth        | |  1.8

Action                   |  1- 3 |  4- 6 || total
-------------------------+-------+-------++-------
Melee: Whip              |    24 |     3 ||    27
       Unarmed           |     7 |       ||     7
       Tailslap          |     6 |     2 ||     8
       Falchion          |       |    27 ||    27
 Cast: Magic Dart        |    84 |    59 ||   143
       Shock             |     5 |       ||     5
Evoke: Wand              |       |     1 ||     1
  Use: Scroll            |     2 |       ||     2
       Potion            |     1 |     4 ||     5
Armor: Skin              |     7 |    29 ||    36
Dodge: Dodged            |    25 |   100 ||   125

Table legend: (Time is in decaauts)
 A = Elapsed time spent in this place.
 B = Non-inter-level travel time spent in this place.
 C = Inter-level travel time spent in this place.
 D = Time resting spent in this place.
 E = Time spent auto-exploring this place.
 F = Levels seen in this place.
 G = Mean time per level.
                   A        B        C        D        E       F      G
               +--------+--------+--------+--------+--------+-----+--------+
         Total |   2984 |   2778 |    206 |      0 |   2340 |   3 |  994.7 |
       Dungeon |   2984 |   2778 |    206 |      0 |   2340 |   3 |  994.7 |
               +--------+--------+--------+--------+--------+-----+--------+

Top non-repeatable levels by time:
     D:2: 1379 daAuts
     D:1: 1117 daAuts
     D:3: 487 daAuts
